 Dungeon Crawl Stone Soup version 0.17.1-3-g152610e (webtiles) character file.

3476 Shtopit the Blocker (level 10, -2/79 HPs)
             Began as a Formicid Fighter on Apr 26, 2016.
             Was an Initiate of Okawaru.
             Splashed by a jelly's acid (7 damage)
             ... on level 8 of the Dungeon.
             The game lasted 00:25:46 (8942 turns).

Shtopit the Blocker (Formicid Fighter)              Turns: 8942, Time: 00:25:46

Health: -2/79      AC: -7    Str: 23    XL:     10   Next: 27%
Magic:  0/10       EV:  8    Int: 12    God:    Okawaru [......]
Gold:   375        SH: 12    Dex: 10    Spells: 0 memorised, 9 levels left

rFire  . . .     SeeInvis +     a - +1 long sword
rCold  . . .     Clarity  .     p - +0 plate armour
rNeg   . . .     SustAt   .     c - +0 shield
rPois  +         Gourm    .     (helmet unavailable)
rElec  .         Spirit   +     i - +1 cloak {rPois}
rCorr  .         Warding  .     q - +0 pair of gloves
rMut   .         Stasis   +     r - +2 pair of boots
MR     +....                    y - amulet of guardian spirit
Stlth  ..........               f - ring of wizardry
                                t - +3 ring of intelligence

@: corroded equipment, somewhat resistant to hostile enchantments, extremely
unstealthy
A: permanent stasis, dig shafts and tunnels, four strong arms, antennae 3
a: Dig, Shaft Self, Renounce Religion


You were on level 8 of the Dungeon.
You worshipped Okawaru.
Okawaru was noncommittal.
You were hungry.

You visited 2 branches of the dungeon, and saw 9 of its levels.
You also visited: Ossuary.

You collected 375 gold pieces.

Inventory:

Hand Weapons
 a - a +1 long sword (weapon)
 h - a +0 blowgun
 u - a +4 rapier
Missiles
 g - 37 poisoned needles
 H - 4 needles of confusion
Armour
 c - a +0 shield (worn)
 i - a +1 cloak of poison resistance (worn)
 p - a +0 plate armour (worn)
 q - a +0 pair of gloves (worn)
 r - a +2 pair of boots (worn)
 x - a +1 leather armour of positive energy
Jewellery
 f - a ring of wizardry (right hand)
 t - a +3 ring of intelligence (left hand)
 y - an amulet of guardian spirit (around neck)
Wands
 b - a wand of polymorph (0)
 l - a wand of slowing (30)
 w - a wand of hasting (5)
 z - a wand of flame (19)
 C - a wand of magic darts (32)
 I - a wand of magic darts (24)
 K - a wand of draining (6)
Scrolls
 j - a scroll of amnesia
 n - 7 scrolls of remove curse
 o - 3 scrolls of recharging
 v - 4 scrolls of identify
 F - 2 scrolls of enchant armour
Potions
 d - 2 potions of might
 m - 4 potions of curing
 s - 2 potions of heal wounds
 D - a potion of resistance {unknown}
Books
 G - a book of Envenomations

   Spells                             Type                      Level
   a - Spider Form                    Transmutation/Poison         3
   b - Alistair's Intoxication        Transmutation/Poison         4
   c - Olgreb's Toxic Radiance        Poison                       4
   d - Poisonous Cloud                Conjuration/Poison/Air       6
Comestibles
 e - 7 bread rations
 k - 4 meat rations
 A - a slice of pizza
 B - a royal jelly


   Skills:
 + Level 7.3 Fighting
 + Level 6.6 Long Blades
 + Level 7.3 Armour
 + Level 3.0 Dodging
 + Level 0.6 Stealth
 + Level 10.6 Shields


You had 9 spell levels left.
You didn't know any spells.

Dungeon Overview and Level Annotations

Branches:
Dungeon (8/15)             Temple (1/1) D:6            Lair (0/8) D:8

Altars:
Ashenzari
Cheibriados
Elyvilon
Fedhas
Gozag
Kikubaaqudgha
Makhleb
Nemelex Xobeh
Okawaru
Qazlal
Ru
Sif Muna
Trog
Vehumet
Xom
Yredelemnul
Zin
The Shining One

Annotations:
D:8 2 runed doors


Innate Abilities, Weirdness & Mutations

You are under a permanent stasis effect.
You can dig through walls and to a lower floor.
Your four strong arms can wield two-handed weapons with a shield.
You have a pair of large antennae on your head (SInv).


Message History

Press: ? - help, Shift-Dir - straight line, f - jelly
Aim: a jelly (severely wounded)
The magic dart hits the jelly.
The jelly is severely wounded.
Evoking this partially-identified wand wasted a few charges.
You block the jelly's attack.
Zapping:
C - a wand of magic darts {zapped: 2} (will waste charges)
Press: ? - help, Shift-Dir - straight line, f/p - jelly
Aim: a jelly (severely wounded)
The magic dart hits the jelly.
The jelly is almost dead.
Evoking this partially-identified wand wasted a few charges.
The jelly hits you.
* * * LOW HITPOINT WARNING * * *
You are splashed with acid!
The acid corrodes you!
The acid burns!
* * * LOW HITPOINT WARNING * * *
The jelly hits you.
* * * LOW HITPOINT WARNING * * *
You are splashed with acid!
The acid corrodes you!
The acid burns!
You die...

..........
...........P...##
###.......
........>.......#
.)).#..
#..P...........#
.[..#.# #...........#
().#..# ##.........##
8..#..# ###.....###
#.....# #.....##
#.....#
#####.....##...
#....##
##..J@...........
#....#
##..#.....###.....
8...>######.........#
..###
.............##.....#
.#
............###.....#
.# ...........##
#####.# #
.........### #.#
......(..# #.#
.........# .#


You could see a jelly.

Vanquished Creatures
  A hill giant (D:6)
  A troll (D:8)
  A wraith (Ossuary)
  A hippogriff (D:6)
  3 sky beasts
  An orc warrior (D:8)
  3 ogres
  2 centaurs
  A crocodile (D:8)
  Blork the orc (D:4)
  An elf skeleton (D:6)
  A giant frog (D:7)
  A gnoll sergeant (D:5)
  4 scorpions
  A killer bee (D:7)
  2 jellies (D:8)
  3 crimson imps
  A giant frog zombie (D:4)
  4 hounds
  An orc priest (D:4)
  2 quasits (D:7)
  2 human zombies (D:6)
  Ijyb (D:2)
  2 human skeletons (D:6)
  2 orc wizards (D:2)
  4 iguanas
  3 worker ants
  A sheep (D:8)
  2 hound zombies
  A mummy (Ossuary)
  A worker ant zombie (D:7)
  8 adders
  9 gnolls
  6 oozes
  2 adder skeletons
  A worm (D:2)
  5 giant geckos
  20 orcs
  A ball python (D:3)
  6 bats
  6 giant cockroaches
  3 goblins
  10 hobgoblins
  11 jackals
  7 kobolds
  5 quokkas
  2 giant newts
  4 gnoll skeletons (Ossuary)
  A jackal skeleton (D:7)
  13 kobold skeletons (Ossuary)
  9 orc skeletons
  A quokka skeleton (D:4)
  6 rats
  A fungus (D:8)
192 creatures vanquished.

Notes
Turn   | Place    | Note
--------------------------------------------------------------
     0 | D:1      | Shtopit the Formicid Fighter began the quest for the Orb.
     0 | D:1      | Reached XP level 1. HP: 18/18 MP: 1/1
   365 | D:1      | Reached XP level 2. HP: 21/24 MP: 2/2
   644 | D:1      | Reached XP level 3. HP: 27/30 MP: 3/3
  1178 | D:2      | Reached skill level 4 in Shields
  1235 | D:2      | Reached skill level 1 in Dodging
  1569 | D:2      | Reached XP level 4. HP: 37/37 MP: 4/4
  1782 | D:2      | Found a radiant altar of Vehumet.
  1968 | D:2      | HP: 1/37 [poisoned by a gnoll]
  2139 | D:1      | Reached XP level 5. HP: 19/42 MP: 5/5
  2650 | D:3      | Noticed Ijyb
  2662 | D:2      | Killed Ijyb
  2808 | D:2      | HP: 2/42 [poisoned by a kobold]
  2816 | D:2      | HP: 1/42 [poisoned by a kobold]
  3166 | D:2      | Reached skill level 5 in Shields
  3166 | D:2      | Reached XP level 6. HP: 37/48 MP: 6/6
  3404 | D:3      | Found a white marble altar of Elyvilon.
  4092 | D:4      | Reached skill level 5 in Armour
  4095 | D:4      | Reached XP level 7. HP: 22/55 MP: 7/7
  4605 | D:4      | Noticed Blork the orc
  4618 | D:4      | Killed Blork the orc
  4618 | D:4      | Reached skill level 6 in Shields
  4882 | D:4      | Noticed a sky beast
  4912 | D:4      | Killed a sky beast
  4912 | D:4      | Reached skill level 5 in Fighting
  4912 | D:4      | Reached XP level 8. HP: 36/62 MP: 8/8
  5335 | D:5      | Entered Level 5 of the Dungeon
  5341 | D:5      | Reached skill level 7 in Shields
  5807 | D:5      | Reached skill level 8 in Shields
  5992 | D:6      | Found a snail-covered altar of Cheibriados.
  5997 | D:6      | Found an ancient bone altar of Kikubaaqudgha.
  5997 | D:6      | Found a stormy altar of Qazlal.
  6000 | D:6      | Reached XP level 9. HP: 69/69 MP: 9/9
  6064 | D:6      | Found a staircase to the Ecumenical Temple.
  6319 | D:6      | Noticed a hill giant
  6332 | D:6      | Killed a hill giant
  6332 | D:6      | Reached skill level 5 in Long Blades
  6332 | D:6      | Reached skill level 9 in Shields
  6519 | D:6      | Found a sand-covered staircase.
  6530 | Ossuary  | Entered an ossuary
  7152 | Temple   | Entered the Ecumenical Temple
  7279 | Temple   | Became a worshipper of Warmaster Okawaru
  7402 | D:7      | Reached skill level 10 in Shields
  7747 | D:7      | Reached XP level 10. HP: 65/77 MP: 10/10
  8528 | D:8      | Found a large runed door.
  8558 | D:8      | Found a large runed door.
  8616 | D:8      | Found a staircase to the Lair.
  8942 | D:8      | Splashed by a jelly's acid

Action                   |  1- 3 |  4- 6 |  7- 9 | 10-12 || total
-------------------------+-------+-------+-------+-------++-------
Melee: Long sword        |   128 |   208 |   584 |   138 ||  1058
       Unarmed           |       |     7 |       |       ||     7
Evoke: Wand              |       |       |       |     2 ||     2
  Use: Potion            |       |     3 |     4 |       ||     7
       Scroll            |       |     4 |     5 |       ||     9
  Eat: Chunk             |     2 |     4 |     4 |     4 ||    14
       Meat ration       |       |     1 |     1 |       ||     2
       Fruit             |       |       |     4 |       ||     4
